 Dungeon Crawl Stone Soup version 0.30.1-11-g7821555f0a (webtiles) character file.

Game seed: 11099111767360303107

107 Kagerus the Poker (level 4, 0/29 (33) HPs)
             Began as a Merfolk Gladiator on Oct 27, 2023.
             Killed by nerve-wracking pain
             ... invoked by Grinder
              (10 damage)
             ... on level 3 of the Dungeon.
             The game lasted 00:07:35 (2721 turns).

Kagerus the Poker (Merfolk Gladiator)               Turns: 2721, Time: 00:07:35

HP:   0/29 (33)     AC: 17    Str: 14    XL:     4   Next: 86%
MP:   4/4           EV: 12    Int:  7    God:
Gold: 87            SH:  0    Dex: 17    Spells: 3/3 levels left

rFire   . . .        a - +0 trident (protect)
rCold   . . .        (no shield)
rNeg    . . .        k - +4 ring mail
rPois   .            c - +0 helmet
rElec   .            (no cloak)
rCorr   .            (no gloves)
SInv    .            (no boots)
Will    .....        (no amulet)
Stlth   +            (no ring)
HPRegen 0.24/turn    (no ring)
MPRegen 0.09/turn

%: no passive effects
@: under a protective aura, heavily drained
A: (nimble swimmer 2), mertail
a: no special abilities


You were on level 3 of the Dungeon.
You visited 1 branch of the dungeon, and saw 3 of its levels.

You collected 87 gold pieces.

Inventory:

Hand Weapons
 a - a +0 trident of protection (weapon)
Missiles
 f - a javelin (quivered)
Armour
 b - a +0 leather armour
 c - a +0 helmet (worn)
 e - a +3 scale mail of fire resistance
 k - a +4 ring mail (worn)
Magical Staves
 n - a staff of air
 q - a staff of cold
Jewellery
 l - a ring of fire
Scrolls
 h - a scroll of noise {unknown}
 i - 2 scrolls of teleportation
 j - 2 scrolls of vulnerability
Potions
 g - a potion of curing
 o - a potion of cancellation {unknown}
 p - a potion of degeneration {unknown}
 s - a potion of flight {unknown}


   Skills:
 - Level 2.1 Fighting
 + Level 7.2 Polearms
 - Level 2.0 Throwing
 - Level 4.0 Dodging


You had 3 spell levels left.
You didn't know any spells.
Your spell library was empty.

Dungeon Overview and Level Annotations

Branches:
Dungeon (3/15)

Altars:
Xom

Shops:
D:2 [

Annotations:
D:3 Grinder


Innate Abilities, Weirdness & Mutations

((You are very nimble when in or above water. (Stealth+, EV+, Speed+++)))
Your lower body shifts to a powerful aquatic tail in water.


Message History

Grinder struggles against the net.
You reach to attack!
You puncture Grinder!
Grinder is moderately wounded.
Grinder struggles against the net.
You reach to attack!
You catch the helpless Grinder completely off-guard!
You hit Grinder.
Grinder is heavily wounded.
Grinder struggles against the net.
You reach to attack!
You hit Grinder but do no damage.
Grinder is heavily wounded.
Grinder struggles against the net.
You reach to attack!
You hit Grinder but do no damage.
Grinder is heavily wounded.
Grinder blinks!
You reach to attack!
You barely miss Grinder.
Grinder is heavily wounded.
You hit Grinder.
Grinder is heavily wounded.
Grinder gestures at you.
You suddenly lose the ability to move!
Grinder hits you but does no damage. Grinder hits you! Grinder hits you.
You writhe in agony.
Grinder hits you! Grinder hits you.
* * * LOW HITPOINT WARNING * * *
You writhe in agony.
* * * LOW HITPOINT WARNING * * *
You can move again.
You feel better. Grinder hits you but does no damage.
You hit Grinder but do no damage.
Your weapon exudes an aura of protection.
Grinder is heavily wounded.
Grinder barely misses you.
You hit Grinder.
Grinder is heavily wounded.
Grinder gestures at you. Pain shoots through your body!
You die...

######### #.......#
#.#####.# # #.#
#.#######...#
#.#####.#..@5r.....
#.##.....(#####...#
#.##.##.### #
#.##.##.# #.##.##.#
#.......# ######.##
# #.# #####.##


You could see Grinder and a quokka.

Vanquished Creatures
  Terence (D:2)
  3 gnolls
  An adder (D:2)
  5 endoplasms
  A giant cockroach (D:1)
  7 goblins
  A jackal (D:1)
  10 kobolds
  2 quokkas
  A ball python (D:1)
  4 bats
  3 frilled lizards
  4 rats
43 creatures vanquished.

Notes
Turn   | Place    | Note
-------+----------+-------------------------------------------
     0 | D:1      | Kagerus the Merfolk Gladiator began the quest for the Orb.
     0 | D:1      | Reached XP level 1. HP: 16/16 MP: 1/1
   193 | D:1      | Reached XP level 2. HP: 22/22 MP: 2/2
   361 | D:1      | Reached skill level 5 in Polearms
   878 | D:1      | Found a faded altar of an unknown god.
  1120 | D:1      | Prayed at the altar of an unknown god.
  1120 | D:1      | Became a worshipper of Xom the Capricious
  1221 | D:2      | XOM: silly message
  1229 | D:2      | Reached XP level 3. HP: 25/27 MP: 3/3
  1231 | D:1      | Fell from the grace of Xom
  1339 | D:1      | Reached skill level 6 in Polearms
  1564 | D:2      | XOM: cleaving
  1572 | D:2      | Noticed Terence
  1723 | D:2      | Reached XP level 4. HP: 18/33 MP: 4/4
  1984 | D:2      | Killed Terence
  2006 | D:1      | XOM: draining
  2106 | D:2      | Found Hook's Armour Emporium.
  2319 | D:2      | Reached skill level 7 in Polearms
  2687 | D:3      | Noticed Grinder
  2689 | D:3      | Paralysed by Grinder for 4 turns
  2713 | D:3      | Paralysed by Grinder for 5 turns
  2721 | D:3      | Killed from afar by Grinder

Illustrated notes

Levels and vault maps discovered:
D:1:      psy_arrival_whirlpool, layout_loops_corners,
          hellmonk_ecumenical_altar_heavens_door, serial_forest,
          infiniplex_forest_zigzag_1, infiniplex_forest_clump_diagonal,
          infiniplex_forest_lined_room_2, infiniplex_forest_straight_4,
          infiniplex_forest_straight_4, infiniplex_forest_end_3,
          infiniplex_forest_end_2, infiniplex_forest_lined_2
D:2:      minmay_evil_eye, layout_basic, serial_shops, shop, uniq_terence
D:3:      layout_loops_corners, nicolae_overflow_ecumenical_swirl, uniq_ijyb,
          uniq_grinder, uniq_sigmund, uniq_robin

Skill      XL: |  1  2  3  4 |
---------------+-------------+-----
Polearms       | 5 6 7 |  7.2
Fighting       | |  2.1
Throwing       | |  2.0
Dodging        | |  4.0

Action                     |  1- 3 |  4- 6 || total
---------------------------+-------+-------++-------
  Melee: Trident           |   130 |    74 ||   204
         Punch             |       |     1 ||     1
  Throw: Throwing net      |       |     3 ||     3
         Javelin           |       |     1 ||     1
 Invoke: Renounce Religion |     1 |       ||     1
    Use: Scroll            |       |     6 ||     6
         Potion            |       |     1 ||     1
   Stab: Sleeping          |     1 |       ||     1
         Held in net/web   |       |     3 ||     3
 Armour: Leather armour    |     1 |       ||     1
         Ring mail         |    37 |    25 ||    62
  Dodge: Dodged            |    71 |    33 ||   104
